 Dungeon Crawl Stone Soup version 0.19.5 (webtiles) character file.

368 Gargoyl the Skirmisher (level 6, 0/53 HPs)
             Began as a Ghoul Abyssal Knight on Mar 28, 2017.
             Was a Believer of Lugonu.
             Slain by a goblin
             ... wielding a cursed -1 club
             ... led by Robin
              (3 damage)
             ... on level 4 of the Dungeon.
             The game lasted 00:07:33 (2496 turns).

Gargoyl the Skirmisher (Ghoul Abyssal Knight)       Turns: 2496, Time: 00:07:33

Health: 0/53       AC:  9    Str: 16    XL:     6   Next: 69%
Magic:  7/7        EV:  7    Int:  7    God:    Lugonu [**....]
Gold:   100        SH:  0    Dex: 10    Spells: 0 memorised, 5 levels left

rFire  . . .     SeeInvis .     a - +2 hand axe
rCold  + . .     Gourm    .     d - +0 chain mail
rNeg   + + +     Faith    .     (no shield)
rPois  ∞         Spirit   .     (no helmet)
rElec  .         Reflect  .     (no cloak)
rCorr  .         Harm     .     (no gloves)
MR     .....                    (no boots)
Stlth  ..........               (no amulet)
                                (no ring)
                                (no ring)

@: rotting
A: rotting body, claws 1, carnivore 3, cold resistance 1, negative energy
resistance 3, slow regeneration 1, torment resistance, unbreathing
a: Depart the Abyss, Bend Space, Renounce Religion


You were on level 4 of the Dungeon.
You worshipped Lugonu.
Lugonu was pleased with you.
You were not hungry.

You visited 1 branch of the dungeon, and saw 4 of its levels.
You visited the Abyss 1 time.

You collected 100 gold pieces.

Inventory:

Hand Weapons
 a - a +2 hand axe (weapon)
Armour
 d - a +0 chain mail (worn)
Wands
 i - a wand of iceblast (9/15)
Scrolls
 b - 2 scrolls of identify
Comestibles
 c - 2 meat rations
 f - 6 chunks of flesh
 g - a royal jelly


   Skills:
 + Level 4.4 Fighting
 + Level 3.4 Axes
 * Level 3.8 Armour
 + Level 1.2 Dodging
 * Level 3.8 Invocations


You had 5 spell levels left.
You didn't know any spells.

Dungeon Overview and Level Annotations

Branches:
Dungeon (4/15)
 Temple: D:4-7

Altars:
The Shining One


Innate Abilities, Weirdness & Mutations

Your body is rotting away.
You thrive on raw meat.
You are immune to poison.
You have sharp fingernails.
You are carnivorous and can eat meat at any time.
Your flesh is cold resistant. (rC+)
You are immune to negative energy. (rN+++)
You regenerate slowly when monsters are visible.
You are immune to unholy pain and torment.
You can survive without breathing.


Message History

Unknown command.
You aren't carrying any potions.
As you read the scroll labeled WELLEL QUIZ, it crumbles to dust.
The dust glows pulsating lime green!
It was a scroll of random uselessness.
The goblin no longer looks unusually strong.
The goblin hits you but does no damage.
Some of the chunks of flesh in your inventory have rotted away.
As you read the scroll labeled QOPSUS YME, it crumbles to dust.
You feel blessed for a moment.
It was a scroll of remove curse.
The goblin hits you but does no damage. The goblin hits you but does no damage.
The goblin closely misses you. The goblin barely misses you.
The goblin hits you but does no damage. The goblin hits you but does no damage.
The goblin hits you but does no damage. The goblin hits you but does no damage.
The goblin barely misses you. The goblin hits you with a club.
You die...

##.####### .........#
..####.## ###### #.#
#...)+ #.# #.##@# . #.#
#.##g# ...
######.#####)##O#.....
#.........).).)........
#.###########.#.#......
#.#.####### #.#.# ....#
#.###


You could see an ogre and a goblin.

Vanquished Creatures
  Sigmund (D:3)
  Robin (D:4)
  4 gnolls (D:2)
  6 adders (D:2)
  3 oozes
  A worm (D:2)
  A dart slug (D:2)
  2 leopard geckos (D:2)
  An orc (D:3)
  3 giant cockroaches
  18 goblins
  5 hobgoblins
  7 jackals (D:3)
  6 kobolds
  15 bats
  4 frilled lizards
  7 rats
85 creatures vanquished.

Notes
Turn   | Place    | Note
-------+----------+-------------------------------------------
     0 | Abyss:1  | Gargoyl the Ghoul Abyssal Knight began the quest for the Orb.
     0 | Abyss:1  | Reached XP level 1. HP: 19/19 MP: 1/1
     0 | Abyss:1  | Found a corrupted altar of Lugonu.
    54 | Abyss:2  | Noticed a large abomination
    64 | D:1      | Escaped the Abyss
   274 | D:1      | Reached skill level 1 in Dodging
   312 | D:1      | Reached XP level 2. HP: 25/26 MP: 2/2
   400 | D:1      | Reached * piety under Lugonu
   537 | D:1      | Reached XP level 3. HP: 31/31 MP: 3/3
   969 | D:2      | Reached XP level 4. HP: 26/40 MP: 4/4
  1220 | D:2      | Reached skill level 4 in Fighting
  1357 | D:2      | Found a glowing golden altar of the Shining One.
  1372 | D:2      | Reached XP level 5. HP: 39/46 MP: 6/6
  1734 | D:2      | Reached ** piety under Lugonu
  1837 | D:3      | Noticed Sigmund
  1853 | D:3      | HP: 2/46 [Sigmund/scythe (7)]
  1858 | D:3      | Killed Sigmund
  1858 | D:3      | Reached XP level 6. HP: 3/52 MP: 7/7
  2463 | D:4      | Noticed Robin
  2480 | D:4      | Killed Robin
  2481 | D:4      | HP: 2/53 [ogre/giant club (1)]
  2496 | D:4      | Slain by a goblin

Skill      XL: |  1  2  3  4  5 |
---------------+----------------+-----
Dodging        | 1 |  1.2
Armour         | 2 3 |  3.8
Axes           | 2 3 |  3.4
Fighting       | 4 |  4.4
Invocations    | 3 |  3.8

Action                   |  1- 3 |  4- 6 || total
-------------------------+-------+-------++-------
Melee: Hand axe          |    91 |   172 ||   263
Invok: Depart the Abyss  |     1 |       ||     1
  Use: Scroll            |     5 |     2 ||     7
       Potion            |       |     2 ||     2
  Eat: Chunk             |     7 |    23 ||    30
Armor: Chain mail        |    78 |   168 ||   246
Dodge: Dodged            |    54 |    74 ||   128
